cohdb
Replays
Latest Replays
All Replays
Popular Replays
Top Player Replays
Match Explorer
How It Works
Community
CoH3 Stats
Reddit
Sign in to upload your games and track your stats! →
Sign in with Steam
Match 41320701
Unlisted
Match 41320701
Overview
Messages
Build Orders
End
Kettenkrad Recon Vehicle
Construct Infanterie Kompanie
MG 42 Machine Gun Team
Grenadier Squad
GrW 34 Mortar Team
Construct Luftwaffe Kompanie
221 Scout Car
Jäger Squad
Selects Italian Coastal Battlegroup
Selects Support Bunkers
Jäger Squad
Luftwaffe Officer Quarters
Selects Rapid Fortifications
Nubbl0r
Adri
0
0
Comments
sign in to comment!
No comments posted yet!